 Adventure DCSS version bcrawl-1.27.3 (webtiles) character file.

Game seed: 16580266693805923436

185977 galech the Covered (level 7, 40/54 HPs)
             Began as a Demonspawn Fighter on Sept 21, 2020.
             Was a Believer of Okawaru.
             Quit the game on level 6 of the Dungeon.
             The game lasted 00:04:27 (3898 turns).

galech the Covered (Demonspawn Fighter)             Turns: 3898, Time: 00:04:28

Health: 40/54      AC:  8    Str: 18    XL:     7   Next: 0%
Magic:  7/7        EV:  6    Int: 10    God:    Okawaru [**....]
Gold:   283        SH: 10    Dex: 12    Spells: 6/6 levels left
                                        Lives:  1   Deaths: 1

rFire    . . .     SeeInvis .   j - +0 hand axe (freeze)
rCold    . . .     Gourm    .   c - +1 medium shield
rNeg     . . .     Faith    .   b - +0 scale mail
rPois    .         Spirit   .   (helmet restricted)
rElec    .         Reflect  .   (no cloak)
rCorr    .         Harm     .   (no gloves)
MR       .....                  i - +0 pair of boots
Stlth    ..........             (no amulet)
HPRegen  1.18/turn              (no ring)
MPRegen  0.10/turn              (no ring)

@: no status effects
A: antennae 1, claws 2, powered by death 1
a: Heroism, Renounce Religion


You were on level 6 of the Dungeon.
You worshipped Okawaru.
Okawaru was pleased with you.
You were hungry.

You visited 1 branch of the dungeon, and saw 6 of its levels.

You collected 283 gold pieces.

Inventory:

Hand Weapons
 a - a +0 war axe
 j - a +0 hand axe of freezing (weapon)
Armour
 b - a +0 scale mail (worn)
 c - a +1 medium shield (worn)
 i - a +0 pair of boots (worn)
Jewellery
 k - an uncursed ring of see invisible
Wands
 p - a wand of disintegration (16)
Scrolls
 f - a scroll of enchant weapon {unknown}
 g - a scroll of identify
 l - 2 scrolls of amnesia
 m - a scroll of remove curse {unknown}
 o - a scroll of teleportation {unknown}
Potions
 d - a potion of brilliance
 h - a potion of lignification {unknown}
 q - a potion of flight {unknown}
Comestibles
 e - 7 rations {!d}


   Skills:
 + Level 4.2 Fighting
 + Level 4.5 Axes
 + Level 4.6 Armour
 + Level 1.7 Dodging
 + Level 0.4 Stealth
 + Level 4.0 Shields


You had 6 spell levels left.
You didn't know any spells.
Your spell library was empty.

Dungeon Overview and Level Annotations

Branches:
Dungeon (6/12)             Temple (0/1) D:4

Altars:
Ashenzari
Cheibriados
Dithmenos
Hepliaklqana
Nemelex Xobeh
Okawaru
Uskayaw

Shops:
D:4 (

Annotations:
D:3 Purgy


Innate Abilities, Weirdness & Mutations

You have a pair of small antennae on your head.
You have very sharp fingernails.
You regenerate a little health from kills.


Message History

You climb upwards.
The jelly quivers.
The jelly hits you.
You are splashed with acid!
The jelly barely misses you.
There is a stone staircase leading down here.
The jelly hits you but does no damage.
You climb downwards.
There is a stone staircase leading up, spattered with blood here.
You slash the jelly! You freeze the jelly.
Your claws burn!
The jelly is severely wounded.
You block the jelly's attack.
You hit the jelly but do no damage.
Your claws burn!
The jelly is severely wounded.
The jelly hits you but does no damage.
You hit the jelly. You freeze the jelly.
You kill the jelly!
Okawaru accepts your kill.
You have reached level 7!
Your demonic ancestry asserts itself...
A pair of antennae grows on your head!
Are you sure you want to abandon this character and quit the game? (Confirm with "yes".)

## #+# #.##.#
### #.#.# #####
.....#@.#......
#.......#
##......#
#.#....#
#.##.#.# #.
#.#.# # .....
#.#.#. #.# ..


There were no monsters in sight!

Vanquished Creatures
  Sigmund (D:5)
  A sky beast (D:2)
  An ogre (D:4)
  A crimson imp (D:4)
  2 hounds
  An orc priest (D:4)
  A jelly (D:6)
  A centaur skeleton (D:4)
  2 worker ants (D:4)
  A hound skeleton (D:4)
  A gnoll (D:1)
  An adder (D:3)
  A shadow imp (D:4)
  An ooze (D:3)
  2 worms
  4 dart slugs
  A leopard gecko (D:3)
  7 orcs
  5 giant cockroaches
  5 goblins
  7 hobgoblins
  4 quokkas
  A ball python (D:1)
  6 bats
  5 frilled lizards
  7 kobolds
  6 rats
76 creatures vanquished.

Notes
Turn   | Place    | Note
-------+----------+-------------------------------------------
     0 | D:1      | galech the Demonspawn Fighter began the quest for the Orb.
     0 | D:1      | Reached XP level 1. HP: 18/18 MP: 1/1
    55 | D:1      | Gained mutation: You regenerate a little health from kills.
                  | [demonic ancestry]
    55 | D:1      | Reached XP level 2. HP: 16/24 MP: 2/2
   475 | D:1      | Gained mutation: You have sharp fingernails. [demonic
                  | ancestry]
   475 | D:1      | Reached XP level 3. HP: 20/29 MP: 3/3
  1046 | D:2      | Found a snail-covered altar of Cheibriados.
  1403 | D:2      | Found an iron altar of Okawaru.
  1411 | D:2      | Became a worshipper of Warmaster Okawaru
  1618 | D:2      | Found a shadowy altar of Dithmenos.
  1625 | D:2      | Found a hide-covered altar of Uskayaw.
  1628 | D:2      | Found a sparkling altar of Nemelex Xobeh.
  1777 | D:2      | Noticed a sky beast
  1789 | D:2      | Killed a sky beast
  1789 | D:2      | Reached XP level 4. HP: 9/35 MP: 4/4
  1789 | D:2      | Reached XP level 5. HP: 11/41 MP: 5/5
  2178 | D:3      | Reached * piety under Okawaru
  2198 | D:3      | Reached skill level 1 in Dodging
  2530 | D:3      | Noticed Purgy
  2567 | D:4      | Found Romy's Weapon Shop.
  2722 | D:4      | Found a hazy altar of Hepliaklqana.
  2733 | D:4      | Gained mutation: You have very sharp fingernails. [demonic
                  | ancestry]
  2733 | D:4      | Reached XP level 6. HP: 29/48 MP: 6/6
  2852 | D:4      | Found a shattered altar of Ashenzari.
  3033 | D:4      | Found a staircase to the Ecumenical Temple.
  3132 | D:4      | Slain by an ogre
  3133 | D:4      | Reached XP level 5. HP: -3/42 MP: 5/5
  3165 | D:4      | Killed an ogre
  3165 | D:4      | Reached XP level 6. HP: 34/48 MP: 6/6
  3548 | D:5      | Entered Level 5 of the Dungeon
  3553 | D:5      | Noticed Sigmund
  3563 | D:5      | Killed Sigmund
  3563 | D:5      | Reached ** piety under Okawaru
  3897 | D:6      | Gained mutation: You have a pair of small antennae on your
                  | head. [demonic ancestry]
  3897 | D:6      | Reached XP level 7. HP: 39/54 MP: 7/7
  3898 | D:6      | Quit the game

Skill      XL: |  1  2  3  4  5  6 |
---------------+-------------------+-----
Axes           | 2 3 4 |  4.5
Armour         | 3 4 |  4.6
Shields        | 3 4 |  4.0
Dodging        | 1 |  1.7
Fighting       | 4 |  4.2
Stealth        | |  0.4

Action                   |  1- 3 |  4- 6 |  7- 9 || total
-------------------------+-------+-------+-------++-------
Melee: War axe           |    79 |       |       ||    79
       Hand axe          |    57 |   179 |       ||   236
  Use: Scroll            |     2 |     2 |       ||     4
       Potion            |     1 |       |       ||     1
  Eat: Chunk             |     7 |    10 |       ||    17
Armor: Scale mail        |    71 |    80 |       ||   151
Dodge: Dodged            |    26 |    30 |       ||    56
Block: Medium shield     |    72 |    85 |       ||   157
